[Event "French-ch U16-U18 2024"]
[Site "Agen"]
[Date "2024.04.19"]
[Round "7.15"]
[White "Riss, Selenia"]
[Black "Dufeux, Elia"]
[Result "1-0"]
[ECO "B22"]
[WhiteElo "1763"]
[BlackElo "1728"]
[Annotator "NA RC COMBH"]
[PlyCount "47"]
[EventDate "2024.04.14"]
[EventType "swiss"]
[EventCountry "FRA"]
[SourceTitle "playchess.com"]
[Source "ChessBase"]
[SourceQuality "1"]
[TimeControl "5400+30"]

1. e4 c5 2. Nf3 d6 3. c3 Nc6 4. d4 cxd4 5. cxd4 Nf6 6. Nbd2 e6 7. a3 d5 8. e5 Ne4 9. Bd3 Nxd2 10. Bxd2 Be7 11. O-O O-O 12. b4 a6 13. Rc1 f6 14. Re1 fxe5 15. Nxe5 Nxe5 16. dxe5 Bg5 17. Bxg5 Qxg5 18. Rc7 Qh4 19. Qc2 Rb8 20. Re3 h6 21. Rg3 Bd7 22. Rxd7 Rfc8 23. Rdxg7+ Kf8 24. Rg8+ 1-0

[Event "French-ch U16-U18 2024"]
[Site "Agen"]
[Date "2024.04.19"]
[Round "7.16"]
[White "Belkaid, Sohan"]
[Black "Razafindratsima, Timothe"]
[Result "0-1"]
[ECO "B45"]
[WhiteElo "2412"]
[BlackElo "2438"]
[Annotator "TA"]
[PlyCount "110"]
[EventDate "2024.04.14"]
[EventType "swiss"]
[EventCountry "FRA"]
[SourceTitle "playchess.com"]
[Source "ChessBase"]
[SourceQuality "1"]
[TimeControl "5400+30"]

1. e4 c5 2. Nf3 e6 3. d4 cxd4 4. Nxd4 Nf6 5. Nc3 Nc6 6. Ndb5 Bc5 7. Bf4 O-O {[%emt 0:00:27] B45: Sicilian Four Knights.} 8. Bc7 Qe7 9. Bd6 Bxd6 10. Qxd6 Qd8 11. O-O-O a6 12. Nd4 Ne7 13. h4 b5 14. h5 Ne8 15. Qh2 h6 16. g4 Bb7 17. Bd3 $146 ({Predecessor:} 17. Bg2 b4 18. Nce2 Nf6 19. g5 hxg5 20. h6 Ng4 21. Qg3 Nxh6 22. Qxg5 Ng6 23. Nxe6 Qxg5+ 24. Nxg5 {0-1 Barthel,A (2073)-Zhu,J (2467) Reykjavik op 2024 (1)}) 17... Qc7 18. f4 b4 19. Nce2 f6 20. Rhg1 e5 21. fxe5 Qxe5 22. Qf2 Rc8 23. Nf5 Nxf5 24. exf5 Nd6 25. Nf4 Ne4 26. Bxe4 Bxe4 27. Rd2 Rc4 28. Ng6 Qa5 29. Nxf8 b3 (29... Qxa2 $5 30. Kd1 Kxf8 $17) 30. a3 $1 (30. axb3 $2 Qa1#) 30... Bxc2 31. Ng6 (31. Nxd7 Qc7 (31... Bxf5+ 32. Kd1 $15) 32. Nb6 Rc6 $17) 31... Be4+ $2 (31... Bxf5+ 32. Kd1 Be4 33. Qg3 $18 (33. Rxd7 Rc5 $18)) (31... Qc7 $1 $11 32. Rd4 Bxf5+ 33. Rxc4 Qxc4+ 34. Kd2 (34. Kd1 Bxg4+ 35. Rxg4 Qxg4+ 36. Qe2 Qd4+ 37. Qd2 Qg1+ 38. Qe1 Qg4+ 39. Kc1 Qg5+ 40. Kb1 Kh7 $11) 34... Qd3+ (34... Bxg6 $2 35. hxg6 Qc2+ 36. Ke3 $18) 35. Ke1 Qb1+ 36. Ke2 Qc2+ 37. Kf1 Qd1+ 38. Kg2 Qxg4+ 39. Kf1 Qd1+ 40. Qe1 (40. Kg2 Qg4+ 41. Kf1 Qc4+ 42. Kg2 Qg4+ $11) 40... Qf3+ 41. Qf2 Qd1+ 42. Kg2 Qg4+ 43. Kf1 Qd1+) 32. Kd1 $18 Qb5 33. Rg3 Bc2+ 34. Ke1 Kh7 35. Re3 Be4 36. Rc3 (36. Rxd7 $142 {Strongly threatening Qd2.} Qa5+ 37. Kd1) 36... Rxc3 $18 37. bxc3 Qc6 (37... Bc2 $142 38. Rxc2 bxc2 39. Qxc2 Qc5) 38. Qe3 $18 d6 39. Nf8+ Kg8 40. Ng6 Kh7 $1 41. Re2 d5 42. Kf2 Qd6 43. Qg3 $2 ({White should try} 43. Nf4 $18 {Kg3 is the strong threat.} Qc7 44. Rb2) 43... Qb6+ $1 $11 44. Qe3 Qb8 (44... Qd6 $11) 45. Qd2 $1 $16 Qh2+ 46. Ke3 Qg3+ 47. Kd4 Qxg4 {[%emt 0:00:55] [#]} (47... Qc7 $1 $14 48. c4 Qxc4+ 49. Ke3 Qc5+ 50. Qd4 Qc1+ 51. Kf2 Qxa3) 48. Kc5 $2 (48. Rf2 $1 $16 {Black must now prevent Qf4.} Qg1 49. Qe2) 48... Qxf5 $11 49. Kb4 Qxh5 50. Nf4 $2 (50. Nf8+ $1 $11 {and White stays safe.} Kg8 51. Ne6) 50... Qe5 $19 51. Nxd5 $2 {[%emt 0:00:46] [#]} (51. Kxb3 $2 Qb8+ 52. Ka4 Qb5#) (51. c4 dxc4 (51... b2 52. Qxb2 Qb8+ 53. Ka5 $17) 52. Kxc4 (52. Qe1 $2 b2 $19)) 51... b2 $2 (51... Qxd5 52. Qxd5 Bxd5 53. c4 $14) (51... Qb8+ $1 52. Kc5 Qb5+ 53. Kd6 Bxd5 54. Qxd5 Qxe2 55. Qxb3 Qd3+ 56. Kc5 h5) 52. Qxb2 $19 (52. Nxf6+ Kg6 53. Rg2+ Bxg2 (53... Kxf6 54. Qd8+ Kf7 55. Qd7+ Kg8 56. Rxb2 $11) 54. Qxg2+ Kxf6 (54... Kf7 55. Qb7+ Kxf6 56. Qc6+ Kf5 57. Qd7+ Kg6 58. Qd3+ Qf5 59. Kc4 Qxd3+ 60. Kxd3 b1=Q+ 61. Kd4 h5 62. Ke3 h4 63. Kd2 h3 64. Ke3 h2 65. Kd4 h1=Q 66. c4 Qhe4+ 67. Kc5 Qbb7 68. Kd6 Qee7#) 55. Qc6+ Kf5 56. Qd7+ Kg6 (56... Qe6 {gets mated.} 57. Qd3+ Qe4+ 58. Qxe4+ Kxe4 59. Kc5 b1=Q 60. c4 Qb8 61. Kc6 Ke5 62. a4 h5 63. a5 h4 64. c5 h3 65. Kd7 Qb7+ 66. Kd8 Ke6 67. Ke8 Qe7#) 57. Qd3+ Qf5 58. Qxf5+ Kxf5 59. Kc5 b1=Q (59... b1=B 60. Kd4 h5 61. c4 g5 62. Kc5 h4 63. Kd4 h3 64. c5 h2 65. c6 h1=Q 66. c7 Qc1 67. c8=R Qxc8 68. a4 Kf4 69. Kd5 Qc7 70. Kd4 a5 71. Kd5 Ba2+ 72. Kd4 Qc4#) 60. Kc4 g5 61. Kd4 g4 62. Kd5 g3 63. Kd4 g2 64. Kc5 g1=Q+ (64... g1=R 65. Kd6 Qb6+ 66. Ke7 Rg7+ 67. Kf8 Qf6+ 68. Ke8 Qe7#) 65. Kc6 Qbb6+ 66. Kd7 Qg7+ 67. Ke8 Qb8#) 52... Qxd5 53. c4 $2 (53. a4) 53... a5+ $19 54. Kb3 (54. Ka4 $142 Qxc4+ 55. Kxa5) 54... Qd1+ $19 55. Ka2 Bd3 0-1

[Event "French-ch U16-U18 2024"]
[Site "Agen"]
[Date "2024.04.19"]
[Round "7.17"]
[White "Makkar, Rajat"]
[Black "Siffert, Arman"]
[Result "1-0"]
[ECO "E66"]
[WhiteElo "2452"]
[BlackElo "2150"]
[Annotator "TA"]
[PlyCount "49"]
[EventDate "2024.04.14"]
[EventType "swiss"]
[EventCountry "FRA"]
[SourceTitle "playchess.com"]
[Source "ChessBase"]
[SourceQuality "1"]
[TimeControl "5400+30"]

1. Nf3 Nf6 2. c4 g6 3. g3 Bg7 4. Bg2 O-O 5. Nc3 d6 6. d4 Nc6 7. d5 Na5 8. b3 c5 9. Bb2 a6 10. O-O Rb8 11. Nd2 b5 12. Qc2 e6 13. e4 exd5 (13... Bd7 $11) 14. cxd5 $14 ({Much weaker is} 14. Nxd5 $6 Nc6 $11) 14... Re8 15. Nd1 {[%emt 0:00:00][%cal Bc3d1,Bd1e3,Be3g4][%mdl 32] White is slightly better.} Nd7 (15... Bd7 $14) 16. Bxg7 $16 Kxg7 17. Ne3 Kg8 18. Rae1 b4 19. f4 Qf6 $2 {[%emt 0:06:20] [#]} (19... c4) 20. e5 $1 $18 dxe5 (20... Qg7 21. e6) 21. Ng4 Qg7 22. fxe5 Rb6 (22... h5 $142 23. Nf6+ Nxf6) 23. Ne4 {[%emt 0:00:00] White is clearly winning.} Rxe5 24. Nxe5 ({Not} 24. Nxc5 Rxe1 25. Rxe1 Qd4+ 26. Qf2 Qxf2+ 27. Kxf2 Kg7 $18 (27... Nxc5 $2 {loses.} 28. Re8+ Kg7 29. Rxc8 $18)) 24... Nxe5 25. Qxc5 {[%emt 0:00:00] White took control after the opening.   Weighted Error Value: White=0.00 (flawless) /Black=0.59.  Mistake:       	---       	Black=4      Inaccurate:     	---       	Black=2      OK:         	White=8     	Black=1      Best:        	White=1     	---} 1-0

[Event "French-ch U16-U18 2024"]
[Site "Agen"]
[Date "2024.04.19"]
[Round "7.18"]
[White "Warnier, Yanis"]
[Black "Trabet, Mathis"]
[Result "0-1"]
[ECO "B81"]
[WhiteElo "2116"]
[BlackElo "2167"]
[Annotator "TA RC"]
[PlyCount "116"]
[EventDate "2024.04.14"]
[EventType "swiss"]
[EventCountry "FRA"]
[SourceTitle "playchess.com"]
[Source "ChessBase"]
[SourceQuality "1"]
[TimeControl "5400+30"]

1. e4 c5 2. Nf3 e6 3. d4 cxd4 4. Nxd4 Nf6 5. Nc3 d6 6. g4 h6 7. h4 a6 8. Qf3 Nc6 (8... e5 $11 9. Nf5 Bxf5 10. exf5 (10. gxf5 Qc7 $16) 10... Nc6 (10... d5 $2 11. g5 $18)) 9. Nxc6 $16 bxc6 {[%emt 0:00:05] White is better.} 10. g5 Nd7 11. gxh6 gxh6 12. Bd2 Qf6 13. Qg3 Qg7 14. Qh2 Rg8 15. O-O-O Bb7 16. Bf4 Ne5 17. Be2 Qf6 18. h5 Be7 19. Bg3 (19. Na4 $142) 19... O-O-O (19... c5 $142) 20. f4 Nd7 21. Qf2 Qh8 22. Rh3 c5 23. Qf1 Nb8 24. Be1 {[%emt 0:00:54] Threatens to win with Na4.} Qg7 25. Na4 Qg2 26. Ba5 Qxf1 27. Bxf1 (27. Rxf1 Bxe4 28. Bxd8 Bxd8 $16) (27. Nb6+ $16 Kc7 28. Na4+ (28. Rxf1 Rde8 $16) (28. Bxf1 Bxe4 29. Re3 Bb7 $18) 28... Kc8 29. Nb6+ (29. Rxf1 Bxe4 30. Rb3 Rde8 $11) (29. Bxf1 Nd7 $16) 29... Kc7 30. Bxf1 (30. Rxf1 Rde8 $16) 30... Bxe4 31. Re3) 27... Rde8 $2 (27... Bxe4 $1 $14 28. Rb3 Rde8) 28. Nb6+ $18 Kc7 29. Nc4+ Kc8 30. Nb6+ Kc7 {[%emt 0:00:01] [#]} 31. e5 $1 Kc6 (31... dxe5 {is tougher.} 32. Nc4+ (32. fxe5 Bg5+ 33. Kb1 Nc6 $16) 32... Kc8) 32. exd6 Bxd6 33. Be2 {[%emt 0:01:48] And now Bf3+ would win.} Bxf4+ 34. Kb1 {[%emt 0:00:06] Nc4 is the strong threat.} e5 (34... Rd8 $142) 35. Bc4 Rd8 (35... Kc7 $142 36. Bxf7 Nc6 37. Nd5+ Kc8 38. Nxf4 Nxa5) 36. Bd5+ Rxd5 37. Nxd5 {[%emt 0:00:13] Rb3 would now be deadly.} Bg5 38. Nc3 $2 (38. Rb3 Nd7 39. Nb6) 38... Bc8 39. Rhd3 $40 {[%emt 0:00:37][%mdl 128] Black is in trouble.} Be7 $2 (39... Be6 {is a better chance.} 40. Rd6+ Kb7) 40. Nd5 Bg5 41. Nc3 $2 (41. Rb3 $18 {and White stays clearly on top.} Nd7 42. Nb6) 41... Be7 $16 42. Bd8 Bf8 (42... c4 $16 {was necessary.}) 43. Nd5 (43. Bh4 $18 {Hoping for Rd8.} Bd7 44. Bf6) 43... Bf5 (43... Be6 $16 {was worth a try.} 44. Ne7+ Bxe7 45. Bxe7 Rg2) 44. R3d2 Nd7 $2 (44... Be6 {was called for.} 45. Ne7+ Bxe7 46. Bxe7 Re8) 45. Nf6 (45. Ne3 $142 Be6 46. Nc4) 45... Nxf6 $18 46. Bxf6 e4 {[%emt 0:00:56] [#]} (46... Rg3 $142) 47. Rd8 $1 e3 48. Be7 Bxc2+ 49. Kxc2 Rg2+ 50. Kd3 $2 ({White should try} 50. R1d2 $18 Rxd2+ 51. Rxd2 Bxe7 52. Rg2) 50... Bxe7 $17 {[%emt 0:00:09][%mdl 4096] Endgame. KRR-KRB} 51. Re8 Bg5 {[%emt 0:00:20] Black is more active.} (51... Kd7 $17 52. Rxe7+ (52. Kxe3+ $2 Kxe8 53. Rb1 Rh2 $19) 52... Kxe7 53. Kxe3 Rxb2) 52. Rc8+ Kb6 ({Better is} 52... Kd5 $17 {[%cal Oe3e2] aiming for ...e2!} 53. b3 Rxa2) 53. Rf1 (53. Re8 $11) 53... Rd2+ $15 (53... Rxb2 $2 54. Rb8+ (54. Rxf7 Rd2+ 55. Kc3 Rxa2 $11) 54... Kc6 55. Rxb2 $18) 54. Kc3 $1 Rf2 (54... e2 55. Re1 $16) 55. Re1 f5 {[%emt 0:00:33] White must now prevent ...f4.} 56. Rb8+ $2 (56. b4 $17) 56... Kc7 $19 57. Rf8 Kc6 58. Kd3 f4 {[%emt 0:00:51] Black used his chance.   Weighted Error Value: White=0.77/Black=0.51.  Loses game:     	White=1     	Black=1      Missed win:     	White=2     	---        Mistake:       	White=6     	Black=13     Inaccurate:     	White=4     	Black=2      OK:         	White=16    	Black=11     Best:        	White=5     	Black=11     Strong:       	White=2     	---} (58... Rxb2 59. Rxe3 Bxe3 (59... Rxa2 60. Re5 $11) 60. Kxe3 $15) (58... Kd5 $142 59. a4 Rd2+ (59... Rxb2 60. Rxf5+ Kd6 61. a5 $15) 60. Kc3 f4) 0-1

[Event "French-ch U16-U18 2024"]
[Site "Agen"]
[Date "2024.04.19"]
[Round "7.19"]
[White "Ratier-Fontana, Matteo"]
[Black "Mendoza, Mael"]
[Result "0-1"]
[ECO "A05"]
[WhiteElo "2153"]
[BlackElo "2088"]
[Annotator "TA"]
[PlyCount "96"]
[EventDate "2024.04.14"]
[EventType "swiss"]
[EventCountry "FRA"]
[SourceTitle "playchess.com"]
[Source "ChessBase"]
[SourceQuality "1"]
[TimeControl "5400+30"]

1. Nf3 Nf6 2. g3 b5 3. Bg2 Bb7 4. O-O e6 5. d3 c5 6. Nbd2 Be7 7. Re1 d6 8. e4 {[%emt 0:01:51] The position is equal.} Nbd7 9. Nf1 Qc7 10. h4 a5 11. N1h2 e5 (11... a4 $15) 12. Ng5 h6 13. Nh3 d5 14. exd5 Bxd5 15. f4 (15. Bxd5 $11 Nxd5 16. Ng4) 15... Bxg2 $15 16. Kxg2 O-O 17. Ng4 Qb7+ (17... Bd6 {simplifies} 18. Nxf6+ Nxf6 19. Qf3 c4) 18. Qf3 Qxf3+ 19. Kxf3 Nxg4 20. Kxg4 f5+ 21. Kf3 Bf6 22. a4 b4 23. Rb1 $1 Rfe8 24. b3 Kf7 25. Bb2 exf4 {[%emt 0:00:15] aiming for ...Rxe1.} 26. Bxf6 Nxf6 27. Kxf4 g6 28. Kf3 Rad8 29. Nf4 g5 30. Ng2 {[%emt 0:00:10] [#]} Ng4 31. Rbc1 Kf6 {[%emt 0:02:39] Black is more active.} 32. Rxe8 Rxe8 $17 {[%emt 0:00:02][%mdl 4096] Endgame. KRN-KRN} 33. Rh1 Kg6 34. Rd1 Ne5+ 35. Kf2 Kh5 (35... Nc6 $17 {...Nd4 would now be deadly.} 36. hxg5 hxg5) 36. hxg5 (36. Rh1 $11) 36... Ng4+ $15 ({Much weaker is} 36... Kxg5 37. Rh1 $11) 37. Kf3 hxg5 ({But not} 37... Kxg5 $6 38. Rh1 $11) 38. Rh1+ ({White should try} 38. Rd2) 38... Kg6 $17 39. Rd1 Re7 (39... Ne5+ $17 40. Kf2 Ng4+ 41. Kf3 Rh8) 40. Rh1 $15 Ne5+ 41. Kf2 $1 Ng4+ 42. Kf3 {[%emt 0:00:01] [#]} Re8 (42... Rh7 $142 $1 43. Rxh7 Kxh7) 43. Rd1 $17 Kg7 (43... Rh8 $17 44. Rg1 Kg7) 44. Rh1 $15 Rh8 45. Rc1 ({White must play} 45. Rxh8 $15 Kxh8 46. Ke2) 45... Kf6 {[%emt 0:00:31] Strongly threatening ...Rh2.} 46. Re1 Ne5+ 47. Kf2 Rh2 {[%emt 0:00:18] Threatens to win with ...f4.} 48. Rf1 $2 (48. Re2) 48... Ng4+ {[%emt 0:00:44] Weighted Error Value: White=0.34/Black=0.17 (very precise) .  Mistake:       	White=5     	Black=5      Inaccurate:     	White=7     	Black=2      OK:         	White=9     	Black=10     Best:        	White=6     	Black=5      Strong:       	White=2     	---} 0-1

[Event "French-ch U16-U18 2024"]
[Site "Agen"]
[Date "2024.04.19"]
[Round "7.20"]
[White "De Carvalho Massabo, Raphael"]
[Black "Bat, Bilguun"]
[Result "1/2-1/2"]
[ECO "B30"]
[WhiteElo "2105"]
[BlackElo "2360"]
[Annotator "TA"]
[PlyCount "75"]
[EventDate "2024.04.14"]
[EventType "swiss"]
[EventCountry "FRA"]
[SourceTitle "playchess.com"]
[Source "ChessBase"]
[SourceQuality "1"]
[TimeControl "5400+30"]

1. e4 c5 2. Nc3 Nc6 3. Nf3 e5 4. Nd5 Be7 5. Bc4 Nf6 6. Nxf6+ Bxf6 7. d3 d6 8. c3 a6 9. a4 O-O 10. Be3 Rb8 11. O-O b5 12. axb5 axb5 13. Bb3 g6 14. Nd2 b4 15. Qc2 Bd7 16. Ra2 Ra8 17. Rfa1 Rxa2 18. Rxa2 Bg5 19. Nc4 (19. Bxg5 {is more complex.} Qxg5 20. Nc4 Rb8 21. Nxd6 bxc3 22. bxc3 Rxb3 23. h4) 19... Bxe3 20. Nxe3 Kh8 21. Bd5 bxc3 22. bxc3 Qc7 23. Qb1 {[%emt 0:07:47] White is more active.} (23. Ra6 $16) 23... Rb8 24. Rb2 Rxb2 25. Qxb2 Kg7 26. Qa2 Nd8 27. Nc4 Bb5 28. Qb3 Bxc4 29. Qxc4 $11 {[%emt 0:00:10][%mdl 4096] Endgame. KQB-KQN} Qb6 {[%emt 0:01:18][%cal Rb6b1] [#]} 30. g3 g5 31. h3 h5 32. Kg2 Qa7 33. Qb3 Qe7 34. Qd1 Kg6 35. Qf3 Qf6 36. Qe3 Ne6 37. Bxe6 Qxe6 38. c4 {[%emt 0:02:07] Weighted Error Value: White=0.10 (very precise) /Black=0.07 (flawless) .  Mistake:       	White=1     	---        Inaccurate:     	White=3     	Black=1      OK:         	White=7     	Black=10} 1/2-1/2

[Event "French-ch U16-U18 2024"]
[Site "Agen"]
[Date "2024.04.20"]
[Round "8.1"]
[White "Pereira-Davoine, Alana"]
[Black "Bat, Anu"]
[Result "0-1"]
[ECO "D32"]
[WhiteElo "1780"]
[BlackElo "1887"]
[Annotator "NA RC COMBH"]
[PlyCount "90"]
[EventDate "2024.04.14"]
[EventType "swiss"]
[EventCountry "FRA"]
[SourceTitle "playchess.com"]
[Source "ChessBase"]
[SourceQuality "1"]
[TimeControl "5400+30"]

1. d4 d5 2. c4 e6 3. Nc3 c5 4. cxd5 cxd4 5. Qa4+ Bd7 6. Qxd4 exd5 7. Qxd5 Nc6 8. Nf3 Nf6 9. Qd1 Bb4 10. Bd2 O-O 11. e3 Qe7 12. Be2 Rfd8 13. O-O Bf5 14. Qc1 Rac8 15. Rd1 Ne5 16. Nd4 Bg6 17. a3 Bd6 18. Be1 a6 19. f3 Nc6 20. Bf2 h5 21. Bh4 Nxd4 22. Rxd4 Re8 23. Bf2 Be5 24. Rd1 Qc7 25. Kf1 Bxc3 26. Qxc3 Qxh2 27. Qd4 Qh1+ 28. Bg1 h4 29. Kf2 Nh5 30. Qb4 h3 31. Bf1 Rc2+ 32. Rd2 Rxd2+ 33. Qxd2 h2 34. Be2 hxg1=Q+ 35. Rxg1 Qh4+ 36. g3 Qe7 37. e4 Nf6 38. Kg2 Rd8 39. Qc3 Nd7 40. Rd1 Nf8 41. Rc1 Ne6 42. Bc4 Qd6 43. Bd5 b6 44. Rc2 Qc5 45. Qd2 Rxd5 0-1

[Event "French-ch U16-U18 2024"]
[Site "Agen"]
[Date "2024.04.20"]
[Round "8.2"]
[White "Alsaied, Zeina"]
[Black "Paralieu, Emma"]
[Result "1-0"]
[ECO "E40"]
[WhiteElo "1735"]
[BlackElo "1775"]
[Annotator "NA RC COMBH"]
[PlyCount "57"]
[EventDate "2024.04.14"]
[EventType "swiss"]
[EventCountry "FRA"]
[SourceTitle "playchess.com"]
[Source "ChessBase"]
[SourceQuality "1"]
[TimeControl "5400+30"]

1. d4 Nf6 2. c4 e6 3. Nc3 Bb4 4. e3 d5 5. Nge2 c6 6. a3 Bd6 7. c5 Bc7 8. b4 e5 9. f3 e4 10. fxe4 dxe4 11. Nf4 Bg4 12. Be2 Bxe2 13. Ncxe2 g5 14. Nh3 Ng4 15. Nc3 Nxh2 16. Nxe4 g4 17. Nf4 Bxf4 18. exf4 Qe7 19. Kd2 O-O 20. Rxh2 Qxe4 21. Qxg4+ Kh8 22. Bb2 f6 23. Rah1 Rg8 24. Rxh7+ Qxh7 25. Rxh7+ Kxh7 26. Qf5+ Rg6 27. d5 Kg7 28. Qc8 Kh7 29. Qxb7+ 1-0

[Event "French-ch U16-U18 2024"]
[Site "Agen"]
[Date "2024.04.20"]
[Round "8.3"]
[White "Tran, Ky Lan"]
[Black "Grisoni, Emma"]
[Result "0-1"]
[ECO "E11"]
[WhiteElo "1724"]
[BlackElo "1704"]
[Annotator "NA RC COMBH"]
[PlyCount "100"]
[EventDate "2024.04.14"]
[EventType "swiss"]
[EventCountry "FRA"]
[SourceTitle "playchess.com"]
[Source "ChessBase"]
[SourceQuality "1"]
[TimeControl "5400+30"]

1. d4 Nf6 2. c4 e6 3. g3 Bb4+ 4. Bd2 a5 5. Bg2 d6 6. Nf3 Nbd7 7. O-O e5 8. Bc1 exd4 9. Nxd4 O-O 10. b3 Re8 11. Bb2 Ne5 12. Nc3 c6 13. Na4 Bc5 14. Nxc5 dxc5 15. Nc2 Qe7 16. h3 Bf5 17. Ne3 Bg6 18. Re1 Ned7 19. Nf1 Be4 20. Bxe4 Nxe4 21. Nh2 Ndf6 22. Qc2 Qe6 23. h4 Qf5 24. e3 Nxg3 25. Qxf5 Nxf5 26. Nf3 Ne4 27. Rad1 Red8 28. Kg2 f6 29. Kf1 Kf7 30. Ke2 Ke7 31. h5 Rxd1 32. Rxd1 Rd8 33. Rxd8 Kxd8 34. Nh2 Ke7 35. Ng4 Kf7 36. Kd3 Nfd6 37. f3 Ng3 38. h6 Nh5 39. hxg7 Kxg7 40. Ne5 Nc8 41. Nd7 b6 42. Nb8 Kf7 43. Nxc6 Ke6 44. Ke4 Nd6+ 45. Kd3 Ng3 46. Na7 h5 47. e4 h4 48. Ke3 h3 49. Kf2 h2 50. Kxg3 h1=Q 0-1

[Event "French-ch U16-U18 2024"]
[Site "Agen"]
[Date "2024.04.20"]
[Round "8.4"]
[White "Lavilledieu, Lily-Mei"]
[Black "Fesigny, Oceane"]
[Result "1/2-1/2"]
[ECO "E32"]
[WhiteElo "1783"]
[BlackElo "1829"]
[Annotator "NA RC COMBH"]
[PlyCount "101"]
[EventDate "2024.04.14"]
[EventType "swiss"]
[EventCountry "FRA"]
[SourceTitle "playchess.com"]
[Source "ChessBase"]
[SourceQuality "1"]
[TimeControl "5400+30"]

1. d4 Nf6 2. c4 e6 3. Nc3 Bb4 4. Qc2 O-O 5. Nf3 Bxc3+ 6. Qxc3 b6 7. Bg5 Bb7 8. e3 d6 9. Bd3 Nbd7 10. O-O-O Qe7 11. Bc2 Rfe8 12. Qe1 e5 13. d5 h6 14. Bh4 a5 15. Ba4 Red8 16. Nd2 Nc5 17. Bc2 Ba6 18. f3 b5 19. cxb5 Bxb5 20. e4 Bd3 21. Qe3 Bxc2 22. Kxc2 Nxd5 23. Qxc5 dxc5 24. Bxe7 Nxe7 25. Nc4 Nc6 26. Rd2 Nd4+ 27. Kc3 f6 28. Na3 Rab8 29. b3 Rd6 30. Nc4 Ra6 31. Ne3 a4 32. Rb1 Nb5+ 33. Kb2 axb3 34. axb3 Rba8 35. Rc2 Ra2+ 36. Kc1 Rxc2+ 37. Nxc2 Nd4 38. Kb2 Rb8 39. Kc3 Nxc2 40. Kxc2 Kf7 41. Kc3 Rd8 42. Rb2 Rd4 43. Ra2 Ke6 44. Ra7 Kd7 45. Ra8 Ke7 46. Rg8 Kf7 47. Rc8 Rd7 48. Kc4 Ke6 49. Kxc5 Rd2 50. Rxc7 Rxg2 51. b4 1/2-1/2

[Event "French-ch U16-U18 2024"]
[Site "Agen"]
[Date "2024.04.20"]
[Round "8.5"]
[White "Caullychurn, Ambre"]
[Black "Bellahcene, Jenna"]
[Result "1/2-1/2"]
[ECO "D37"]
[WhiteElo "1702"]
[BlackElo "1766"]
[Annotator "NA RC COMBH"]
[PlyCount "129"]
[EventDate "2024.04.14"]
[EventType "swiss"]
[EventCountry "FRA"]
[SourceTitle "playchess.com"]
[Source "ChessBase"]
[SourceQuality "1"]
[TimeControl "5400+30"]

1. d4 d5 2. c4 e6 3. Nf3 Nf6 4. Nc3 Be7 5. Bf4 c6 6. a4 a5 7. e3 Nbd7 8. Bd3 O-O 9. Qc2 h6 10. O-O Nh5 11. Bg3 Nxg3 12. hxg3 Bd6 13. e4 dxc4 14. Bxc4 e5 15. Rad1 Qe7 16. d5 Nf6 17. dxc6 bxc6 18. Nh4 Be6 19. Bxe6 Qxe6 20. Nf5 Bc7 21. Ne2 Rab8 22. Rc1 Rb6 23. Rfe1 Rfb8 24. f3 Rxb2 25. Qxc6 Bb6+ 26. Kf1 Qxc6 27. Ne7+ Kh7 28. Nxc6 Re8 29. Rb1 Rxb1 30. Rxb1 Nd7 31. Rb5 f6 32. Nxa5 Rc8 33. Nb3 Rc2 34. a5 Be3 35. Ke1 Rb2 36. Kd1 Nc5 37. Rxc5 Bxc5 38. Nxc5 Rb5 39. Nd3 Rxa5 40. Kd2 Kg6 41. g4 h5 42. gxh5+ Kxh5 43. Ke3 Ra3 44. f4 exf4+ 45. Nexf4+ Kg4 46. Kd4 Ra4+ 47. Kd5 Ra3 48. Kd4 Ra4+ 49. Kc3 Rxe4 50. g3 Kxg3 51. Nh5+ Kf3 52. Nxg7 Re3 53. Kd4 Re2 54. Nf5 Kg4 55. Ne3+ Kg5 56. Nc1 Rh2 57. Ke4 Rh8 58. Nd3 Re8+ 59. Kf3 f5 60. Nf4 Rh8 61. Kg3 Ra8 62. Ne6+ Kf6 63. Nd4 Ra3 64. Ndxf5 Rxe3+ 65. Nxe3 1/2-1/2

[Event "French-ch U16-U18 2024"]
[Site "Agen"]
[Date "2024.04.20"]
[Round "8.6"]
[White "Boumrar, Ayrad"]
[Black "Breuil, Tristan"]
[Result "1/2-1/2"]
[ECO "B51"]
[WhiteElo "2191"]
[BlackElo "2281"]
[Annotator "TA"]
[PlyCount "55"]
[EventDate "2024.04.14"]
[EventType "swiss"]
[EventCountry "FRA"]
[SourceTitle "playchess.com"]
[Source "ChessBase"]
[SourceQuality "1"]
[TimeControl "5400+30"]

1. e4 c5 2. Nf3 d6 3. Bb5+ Nd7 4. a4 Ngf6 5. Nc3 g6 6. a5 Bg7 7. O-O a6 8. Be2 {[%emt 0:00:05] White has an edge.} O-O 9. d3 b5 10. axb6 Nxb6 11. Qd2 a5 12. h3 Bb7 13. Qg5 Ne8 14. Qh4 Nc7 15. Bh6 e5 {[%emt 0:03:23] [#] aiming for ...Qxh4.} 16. Bg5 (16. Qxd8 {simplifies} Rfxd8 17. Be3 Ne6 18. Rfb1) 16... f6 17. Bh6 Ne6 18. Bxg7 Kxg7 19. Rfe1 Nf4 20. Bf1 Qd7 21. Ne2 Nxe2+ 22. Bxe2 {[%emt 0:00:00] The position is equal.} f5 23. Nd2 Qd8 24. Qxd8 Rfxd8 25. Bf3 Kf6 26. Ra3 a4 27. b3 Bc6 28. Rb1 {[%emt 0:00:00] Weighted Error Value: White=0.10 (very precise) /Black=0.11 (very precise) .  Inaccurate:     	White=3     	Black=3      OK:         	White=5     	Black=5      Best:        	White=1     	---} 1/2-1/2